 Dungeon Crawl Stone Soup version 0.28-a0-802-g09f76e8c00 (webtiles) character file.

Game seed: 7458589418816014702

23293 iamoutofideas the Thaumaturge (level 12, -2/78 HPs)
             Began as a Demonspawn Fire Elementalist on Nov 7, 2021.
             Was an Elder of Vehumet.
             Slain by an eight-headed hydra (4 damage)
             ... on level 11 of the Dungeon.
             The game lasted 00:26:04 (13368 turns).

iamoutofideas the Thaumaturge (DsFE)               Turns: 13368, Time: 00:26:04

Health: -2/78      AC:  9    Str:  9    XL:     12   Next: 70%
Magic:  38/38      EV: 28    Int: 21    God:    Vehumet [****..]
Gold:   856        SH: 13    Dex: 16    Spells: 14/37 levels left

rFire   + . .      SeeInvis .   (no weapon)
rCold   x . .      Faith    .   E - +0 buckler
rNeg    . . .      Spirit   .   L - +3 steam dragon scales
rPois   .          Reflect  .   (no helmet)
rElec   .          Harm     .   (no cloak)
rCorr   .          Rampage  .   v - +0 pair of gloves
Will    .....                   (boots unavailable)
Stlth   ++........              w - amulet "Fokinup" {Acrobat Will- Regen+ Dex+2}
HPRegen 1.23/turn               d - ring of magical power
MPRegen 0.26/turn               s - ring of fire

@: acrobatic
A: hooves 3, large bone plates 1, powered by death 1, condensation shield
a: Renounce Religion


You were on level 11 of the Dungeon.
You worshipped Vehumet.
Vehumet was greatly pleased with you.
You visited 2 branches of the dungeon, and saw 12 of its levels.
You also visited: Bailey.

You collected 1465 gold pieces.
You spent 609 gold pieces at shops.

Inventory:

Hand Weapons
 f - a +0 dagger of protection
Missiles
 b - 5 datura-tipped darts
 K - 3 throwing nets
Armour
 a - a +0 robe
 m - a +1 robe of cold resistance
 v - a +0 pair of gloves (worn)
 E - a +0 buckler (worn)
 L - +3 steam dragon scales (worn)
Jewellery
 c - a ring of ice
 d - a ring of magical power (left hand)
 e - a ring of flight
 g - an amulet of regeneration
 h - an amulet of the acrobat
 i - a ring of wizardry
 r - a ring of positive energy
 s - a ring of fire (right hand)
 w - the amulet "Fokinup" (around neck) {Acrobat Will- Regen+ Dex+2}
   (You bought it in a shop on level 5 of the Dungeon)

   [amulet of the acrobat]

   It increases your evasion while moving and waiting.
   Dex:       It affects your dexterity (+2).
   Regen:     It increases your rate of health regeneration.
   Will:      It decreases your willpower.
Wands
 o - a wand of flame (48)
 x - a wand of mindburst (15)
 F - a wand of acid (15)
 G - a wand of polymorph (7)
 H - a wand of iceblast (11)
 I - a wand of digging (3)
Scrolls
 j - 2 scrolls of noise {unknown}
 l - 2 scrolls of enchant weapon
 p - a scroll of fear
 u - a scroll of summoning
 y - 3 scrolls of teleportation
 A - a scroll of fog {unknown}
 B - 4 scrolls of immolation
 C - a scroll of vulnerability {unknown}
Potions
 k - 5 potions of might
 n - 4 potions of lignification
 q - 4 potions of mutation
 t - 7 potions of curing
 z - a potion of berserk rage {unknown}
 D - a potion of haste
 J - 2 potions of invisibility
 M - 2 potions of heal wounds
 N - a potion of cancellation {unknown}


   Skills:
 + Level 1.9 Fighting
 + Level 0.1 Short Blades
 + Level 3.9 Dodging
 - Level 1.8 Stealth
 + Level 4.0 Shields
 + Level 13.4 Spellcasting
 + Level 9.3 Conjurations
 + Level 9.6 Fire Magic
 - Level 0.2 Ice Magic


You had 14 spell levels left.
You knew the following spells:

 Your Spells              Type           Power      Damage    Failure   Level
a - Foxfire               Conj/Fire      100%       2x1d9     1%          1
b - Scorch                Fire           100%       2d10      1%          2
c - Conjure Flame         Conj/Fire      69%        6-21      1%          3
d - Flame Wave            Conj/Fire      69%        3d12      1%          4
e - Frozen Ramparts       Ice            30%        1d5       3%          3
f - Iron Shot             Conj/Erth      16%        9d4       26%         6
g - Sticky Flame          Conj/Fire      69%        2d8       1%          4

Your spell library contained the following spells:

 Spells                   Type           Power      Damage    Failure   Level
 Airstrike                Air            7%         N/A       12%         4
 Inner Flame              Hex/Fire       51%        N/A       1%          3
 Iskenderun's Battlesphe  Conj           52%        2d10      1%          5
 Animate Skeleton         Necr           28%        N/A       4%          1
 Pain                     Necr           56%        1d6       4%          1
 Vampiric Draining        Necr           14%        2d7       14%         3
 Animate Dead             Necr           7%         N/A       41%         4
 Ice Form                 Ice/Tmut       14%        N/A       41%         4
 Summon Ice Beast         Ice/Summ       14%        N/A       41%         4
 Borgnjor's Vile Clutch   Necr/Erth      7%         N/A       77%         5
 Summon Forest            Summ/Tloc      7%         N/A       77%         5
 Summon Mana Viper        Hex/Summ       14%        N/A       77%         5
 Spellforged Servitor     Conj/Summ      16%        N/A       78%         7
 Death Channel            Necr           7%         N/A       100%        6
 Summon Cactus Giant      Summ           7%         N/A       100%        6


Dungeon Overview and Level Annotations

Branches:
Dungeon (11/15)            Temple (1/1) D:4            Lair (0/6) D:8
 Bailey (visited)
    Orc: D:9-12

Altars:
Ashenzari
Cheibriados
Dithmenos
Elyvilon
Fedhas
Gozag
Hepliaklqana
Kikubaaqudgha
Makhleb
Nemelex Xobeh
Okawaru
Qazlal
Ru
Sif Muna
Trog
Uskayaw
Vehumet
Wu Jian
Xom
Yredelemnul
Zin
The Shining One

Shops:
D:5 =   D:7 (   D:9 !

Annotations:
D:5 1 runed translucent door, Leeroy's ghost, novice DrTm


Innate Abilities, Weirdness & Mutations

You have hooves in place of feet.
You are partially covered in large bone plates. (SH +4)
You regenerate a little health from kills.
A meltable shield of frost defends you. (SH +4)


Message History

The eight-headed hydra bites you. The eight-headed hydra bites you! x3
The eight-headed hydra bites you but does no damage. x2
The eight-headed hydra bites you but does no damage.
The eight-headed hydra bites you! The eight-headed hydra bites you.
The eight-headed hydra barely misses you.
The eight-headed hydra bites you. The eight-headed hydra bites you!
The eight-headed hydra bites you but does no damage. x2
The eight-headed hydra bites you!
The eight-headed hydra bites you but does no damage. x2
The eight-headed hydra bites you!
The eight-headed hydra bites you but does no damage. x2
The eight-headed hydra bites you!
* * * LOW HITPOINT WARNING * * *
The eight-headed hydra bites you.
* * * LOW HITPOINT WARNING * * *
You turn to flesh and can move again.
As you read the scroll of fear, it crumbles to dust.
You assume a fearsome visage.
The eight-headed hydra resists with some effort.
You block the eight-headed hydra's attack.
The eight-headed hydra bites you.
* * * LOW HITPOINT WARNING * * *
You block the eight-headed hydra's attack.
The eight-headed hydra bites you but does no damage.
The eight-headed hydra bites you.
* * * LOW HITPOINT WARNING * * *
The eight-headed hydra misses you. The eight-headed hydra bites you!
* * * LOW HITPOINT WARNING * * *
The eight-headed hydra closely misses you.
Okay, then.
A tengu conjurer comes into view.
The eight-headed hydra bites you but does no damage.
The eight-headed hydra bites you.
* * * LOW HITPOINT WARNING * * *
The eight-headed hydra misses you.
The eight-headed hydra completely misses you.
The eight-headed hydra misses you. x2
The eight-headed hydra barely misses you.
The eight-headed hydra bites you.
You die...

... #.# #.# #.# ##)##
.⌠. #†## ## #D#.# .#
#@# .###.# ##.###....#
# #...##...# #.
.#..#..#..##########.
...Q.......)......^....
################.#####.
#.# #. #.# #[ #.# ##


You could see an eight-headed hydra and a tengu conjurer.

Vanquished Creatures
  An orc warlord (Bailey)
  A centaur warrior (D:11)
  2 hydras
  An orc knight (Bailey)
  2 deep elf pyromancers (D:9)
  Joseph (D:8)
  Psyche (D:8)
  A troll (D:8)
  Grinder (D:6)
  2 dream sheep (D:8)
  3 shadows
  21 yaks
  2 wyverns
  A basilisk (D:11)
  3 steam dragons
  2 water moccasins
  A black bear (D:6)
  A hornet zombie (D:8)
  3 orc warriors
  3 wolves (D:8)
  2 ogres
  4 centaurs
  2 phantoms (D:5)
  5 kobold brigands (D:8)
  2 bullfrogs
  A gnoll sergeant (D:9)
  A water moccasin skeleton (D:6)
  16 killer bees
  5 wights (D:8)
  A howler monkey (D:9)
  5 electric eels (D:8)
  A bullfrog zombie (D:5)
  3 centaur zombies
  8 hounds
  A centaur skeleton (D:6)
  A jelly (D:8)
  A bullfrog skeleton (D:5)
  An orc priest (D:9)
  2 iguanas (D:5)
  Natasha (thrice) (D:2)
  4 orc wizards
  A scorpion zombie (D:3)
  A killer bee zombie (D:7)
  A howler monkey zombie (D:10)
  4 gnolls
  8 adders
  2 shadow imps
  2 white imps
  An ufetubus (D:7)
  2 worms (D:2)
  4 dart slugs
  26 orcs
  2 endoplasms
  3 giant cockroaches
  8 goblins
  8 hobgoblins
  6 jackals
  A quokka (D:3)
  10 ball pythons
  2 bats
  6 frilled lizards
  32 kobolds
  A quokka skeleton (D:4)
  A quokka zombie (D:3)
  A rat (D:3)
255 creatures vanquished.

Vanquished Creatures (others)
  A human (D:5)
  847 foxfires
  A fungus (D:1)
  5 plants (D:8)
854 creatures vanquished.

Grand Total: 1109 creatures vanquished

Notes
Turn   | Place    | Note
-------+----------+-------------------------------------------
     0 | D:1      | iamoutofideas the Demonspawn Fire Elementalist began the
                  | quest for the Orb.
     0 | D:1      | Reached XP level 1. HP: 13/13 MP: 3/3
   433 | D:1      | Found a faded altar of an unknown god.
   712 | D:1      | Gained mutation: You have large cloven feet. [demonic
                  | ancestry]
   712 | D:1      | Reached XP level 2. HP: 19/19 MP: 3/5
  1969 | D:2      | Gained mutation: You regenerate a little health from kills.
                  | [demonic ancestry]
  1969 | D:2      | Reached XP level 3. HP: 23/25 MP: 1/6
  2150 | D:2      | Learned a level 2 spell: Scorch
  2154 | D:2      | Learned a level 3 spell: Conjure Flame
  2637 | D:2      | Noticed Natasha
  2640 | D:2      | Killed Natasha
  2641 | D:2      | Gained mutation: You have hoof-like feet. [demonic
                  | ancestry]
  2641 | D:2      | Reached XP level 4. HP: 31/31 MP: 4/8
  2952 | D:2      | Reached skill level 3 in Spellcasting
  3122 | D:2      | Noticed Natasha
  3128 | D:2      | Killed Natasha
  3497 | D:2      | Noticed Natasha
  3503 | D:2      | Killed Natasha
  3906 | D:3      | Reached XP level 5. HP: 36/36 MP: 10/10
  4379 | D:3      | Reached skill level 4 in Spellcasting
  4460 | D:3      | Found a basalt altar of Yredelemnul.
  4780 | D:4      | Found a burning altar of Makhleb.
  4786 | D:4      | Learned a level 4 spell: Flame Wave
  4897 | D:4      | Found a broken altar of Ashenzari.
  4934 | D:4      | Noticed an ogre
  4943 | D:4      | Killed an ogre
  4944 | D:4      | Gained mutation: A meltable shield of frost defends you.
                  | (SH +4) [demonic ancestry]
  4944 | D:4      | Reached XP level 6. HP: 42/42 MP: 11/12
  5116 | D:4      | Found a staircase to the Ecumenical Temple.
  5221 | Temple   | Entered the Ecumenical Temple
  5342 | Temple   | Became a worshipper of Vehumet
  5574 | D:4      | Found a blossoming altar of Fedhas.
  5748 | D:4      | Noticed a +0 hand axe
  5749 | D:4      | Found a hide-covered altar of Uskayaw.
  5749 | D:4      | Noticed a +0 dagger
  5900 | D:5      | Entered Level 5 of the Dungeon
  5979 | D:5      | Reached XP level 7. HP: 40/47 MP: 14/14
  6117 | D:5      | Reached skill level 5 in Spellcasting
  6189 | D:5      | Reached skill level 5 in Fire Magic
  6326 | D:5      | Learned a level 3 spell: Frozen Ramparts
  6371 | D:5      | Found Zemevun's Jewellery Emporium.
  6423 | D:5      | Found an ancient bone altar of Kikubaaqudgha.
  6426 | D:5      | Noticed a human
  6427 | D:5      | Killed a human
  6845 | D:5      | Found a runed translucent door.
  6855 | D:5      | Noticed Leeroy's ghost (novice DrTm)
  6911 | D:6      | Identified the +6 hunting sling of the Unspeakable One
                  | {venom, Dex+3}
  7092 | D:6      | Gained mutation: You have hooves in place of feet. [demonic
                  | ancestry]
  7092 | D:6      | Reached XP level 8. HP: 53/53 MP: 15/16
  7252 | D:6      | Noticed Grinder
  7303 | D:6      | Paralysed by Grinder for 5 turns
  7304 | D:6      | Killed Grinder
  7305 | D:6      | Reached skill level 6 in Spellcasting
  7649 | D:7      | Reached skill level 1 in Fighting
  7778 | D:7      | Reached skill level 1 in Shields
  7778 | D:7      | Reached skill level 5 in Conjurations
  7800 | D:7      | Reached * piety under Vehumet
  7800 | D:7      | Offered knowledge of Sandblast by Vehumet.
  7965 | D:7      | Found a shadowy altar of Dithmenos.
  8081 | D:7      | Found Recoc's Weapon Shop.
  8364 | D:8      | Noticed a four-headed hydra
  8387 | D:7      | Killed a four-headed hydra
  8388 | D:7      | Reached skill level 7 in Spellcasting
  8388 | D:7      | Reached XP level 9. HP: 36/59 MP: 20/20
  8808 | D:8      | Reached skill level 8 in Spellcasting
  9000 | D:8      | Reached ** piety under Vehumet
  9000 | D:8      | Offered knowledge of Freeze by Vehumet.
  9125 | D:8      | Noticed Joseph
  9214 | D:8      | Killed Joseph
  9215 | D:8      | Reached XP level 10. HP: 46/65 MP: 22/22
  9260 | D:8      | Noticed Psyche
  9266 | D:8      | Killed Psyche
  9357 | D:5      | Bought the amulet "Fokinup" {Acrobat Will- Regen+ Dex+2}
                  | for 444 gold pieces
  9697 | D:7      | Reached skill level 9 in Spellcasting
  9891 | D:8      | Found a staircase to the Lair.
 10042 | D:8      | Noticed a three-headed hydra
 10053 | D:8      | Killed a three-headed hydra
 10319 | D:8      | Offered knowledge of Ignite Poison by Vehumet.
 10425 | D:8      | Found an opulent altar of Gozag.
 10687 | D:9      | Noticed a deep elf pyromancer
 10692 | D:9      | Reached skill level 10 in Spellcasting
 10695 | D:9      | Killed a deep elf pyromancer
 10798 | D:9      | Found Uguodi's Distillery.
 10807 | D:9      | Bought a potion of curing for 45 gold pieces
 10807 | D:9      | Bought a potion of heal wounds for 75 gold pieces
 10845 | D:9      | Reached *** piety under Vehumet
 10856 | D:9      | Noticed a deep elf pyromancer
 11052 | D:9      | Reached XP level 11. HP: 72/72 MP: 25/25
 11816 | D:9      | Bought a potion of curing for 45 gold pieces
 11910 | D:9      | Killed a deep elf pyromancer
 11934 | D:10     | Entered Level 10 of the Dungeon
 11934 | D:10     | Found a flagged portal.
 11943 | Bailey   | Entered a bailey
 11952 | Bailey   | Learned a level 6 spell: Iron Shot
 11963 | Bailey   | Noticed an orc warlord
 11993 | Bailey   | Offered knowledge of Sticky Flame by Vehumet.
 12000 | Bailey   | Learned a level 4 spell: Sticky Flame
 12049 | Bailey   | Found a runed translucent gate.
 12068 | Bailey   | Noticed an orc knight
 12078 | Bailey   | Killed an orc knight
 12079 | Bailey   | Found a runed translucent gate.
 12106 | Bailey   | Found a runed translucent gate.
 12291 | Bailey   | Killed an orc warlord
 12411 | D:10     | Reached skill level 13 in Spellcasting
 12411 | D:10     | Gained mutation: You are partially covered in large bone
                  | plates. (SH +4) [demonic ancestry]
 12411 | D:10     | Reached XP level 12. HP: 78/78 MP: 29/29
 12521 | D:10     | Reached **** piety under Vehumet
 12702 | D:10     | Offered knowledge of Airstrike by Vehumet.
 12703 | D:10     | Acquired 653 gold pieces
 13304 | D:11     | Noticed a centaur warrior
 13311 | D:11     | Killed a centaur warrior
 13360 | D:11     | Noticed an eight-headed hydra
 13367 | D:11     | HP: 2/78 [eight-headed hydra (11)]
 13368 | D:11     | Slain by an eight-headed hydra

Illustrated notes

Levels and vault maps discovered:
D:1:      dpeg_arrival_long_road, layout_loops_cross,
          hellmonk_ecumenical_altar_dog_temple, serial_park_tiny_1,
          minmay_shallow_snake_nest
D:2:      layout_loops_cross, kennysheep_generic_room_12, uniq_natasha
D:3:      layout_basic, lemuel_zombie_altar_yredelemnul
D:4:      layout_loops_ring, lemuel_crystal_altar, dancing_weapons_uskayaw,
          fedhas_altar_4, overflow_temple_1_default,
          minmay_temple_entry_junction_2
D:5:      layout_basic, tgw_kikubaaqudgha, serial_shops, shop,
          ebering_ghost_reflecting_pool
D:6:      layout_basic, uniq_grinder
D:7:      layout_rooms, lemuel_tele_altar, serial_shops, shop
D:8:      layout_basic, kennysheep_little_box, erik_lair_island,
          hangedman_ranch, uniq_psyche, uniq_joseph
D:9:      minmay_evil_eye, layout_cave_pods, serial_shops, shop
D:10:     layout_roguey, enter_bailey_2
D:11:     layout_basic, kb_rosetta
Temple:   jpeg_temple_clearing

Skill      XL: |  1  2  3  4  5  6  7  8  9 10 11 12 |
---------------+-------------------------------------+-----
Fire Magic     | 3 4 5 7 8 9 |  9.6
Dodging        | 2 3 |  3.9
Spellcasting   | 3 4 5 7 8 10 13 | 13.4
Conjurations   | 2 4 5 6 8 9 |  9.3
Fighting       | 1 |  1.9
Shields        | 1 4 |  4.0
Short Blades   | |  0.1
Stealth        | |  1.8
Ice Magic      | |  0.2

Action                   |  1- 3 |  4- 6 |  7- 9 | 10-12 || total
-------------------------+-------+-------+-------+-------++-------
Melee: Unarmed           |    34 |       |       |     1 ||    35
       Kick              |     2 |     2 |       |       ||     4
       Dagger            |       |     7 |       |       ||     7
 Cast: Foxfire           |    87 |   151 |   174 |   129 ||   541
       Scorch            |       |    18 |    31 |    18 ||    67
       Flame Wave        |       |       |     8 |    47 ||    55
       Frozen Ramparts   |       |       |     2 |     3 ||     5
       Conjure Flame     |       |       |       |     1 ||     1
  Use: Potion            |       |     2 |       |     1 ||     3
       Scroll            |       |       |     9 |    11 ||    20
 Stab: Sleeping          |     1 |     1 |       |       ||     2
Armor: Robe              |    13 |    11 |     3 |     1 ||    28
       Steam dragon scal |       |       |       |    48 ||    48
Dodge: Dodged            |    82 |    31 |    31 |    97 ||   241
Block: Other             |       |     4 |    13 |    11 ||    28
       Buckler           |       |       |       |    15 ||    15

Table legend: (Time is in decaauts)
 A = Elapsed time spent in this place.
 B = Non-inter-level travel time spent in this place.
 C = Inter-level travel time spent in this place.
 D = Time resting spent in this place.
 E = Time spent auto-exploring this place.
 F = Levels seen in this place.
 G = Mean time per level.
                   A        B        C        D        E       F      G
               +--------+--------+--------+--------+--------+-----+--------+
         Total |  13364 |  12534 |    830 |   1981 |   8289 |  13 | 1028.0 |
       Dungeon |  12756 |  11967 |    789 |   1890 |   8119 |  11 | 1159.6 |
        Temple |    136 |     95 |     41 |      0 |     82 |   1 |  136.0 |
        Bailey |    471 |    471 |      0 |     91 |     88 |   1 |  471.0 |
               +--------+--------+--------+--------+--------+-----+--------+

Top non-repeatable levels by time:
     D:1: 1867 daAuts
     D:8: 1741 daAuts
     D:2: 1678 daAuts
     D:9: 1432 daAuts
     D:3: 1178 daAuts
     D:7: 1032 daAuts
     D:4: 1021 daAuts
     D:5: 1015 daAuts
     D:6: 821 daAuts
    D:10: 679 daAuts
  Bailey: 471 daAuts
    D:11: 288 daAuts
  Temple: 136 daAuts
